 Dungeon Crawl Stone Soup version 0.21-a0-504-g2eda330 (webtiles) character file.

583 4thArraOfDagon the Firebug (level 7, -1/36 HPs)
             Began as a Deep Elf Fire Elementalist on Nov 26, 2017.
             Slain by a centaur skeleton (3 damage)
             ... on level 6 of the Dungeon.
             The game lasted 00:06:06 (938 turns).

4thArraOfDagon the Firebug (DEFE)                    Turns: 938, Time: 00:06:07

Health: -1/36      AC:  2    Str:  5    XL:     7   Next: 14%
Magic:  1/16       EV: 13    Int: 22    God:
Gold:   115        SH:  0    Dex: 15    Spells: 8/16 levels left

rFire    . . .     SeeInvis .   i - +0 hand axe (distort)
rCold    . . .     Gourm    .   (no shield)
rNeg     . . .     Faith    .   a - +0 robe
rPois    .         Spirit   .   (no helmet)
rElec    .         Reflect  .   (no cloak)
rCorr    .         Harm     .   (no gloves)
MR       .....                  (no boots)
Stlth    ++........             (no amulet)
HPRegen  0.12/turn              (no ring)
MPRegen  0.15/turn              (no ring)

@: flying
A: no striking features
a: no special abilities


You were on level 6 of the Dungeon.
You were hungry.

You visited 1 branch of the dungeon, and saw 7 of its levels.

You collected 115 gold pieces.

Inventory:

Hand Weapons
 g - a +0 short sword
 i - a +0 hand axe of distortion (weapon)
Armour
 a - a +0 robe (worn)
Wands
 e - a wand of iceblast (9)
 f - a wand of paralysis (6)
Potions
 j - a potion of agility
Books
 b - a book of Flames

   Spells                             Type                      Level
   a - Flame Tongue                   Conjuration/Fire             1
   b - Throw Flame                    Conjuration/Fire             2
   c - Conjure Flame                  Conjuration/Fire             3
   d - Inner Flame                    Hexes/Fire                   3
   e - Sticky Flame                   Conjuration/Fire             4
   f - Fireball                       Conjuration/Fire             5
Comestibles
 c - 2 bread rations
 h - a meat ration


   Skills:
 - Level 2.4 Dodging
 - Level 2.4 Stealth
 + Level 5.3 Spellcasting
 * Level 5.3 Conjurations
 * Level 6.2 Fire Magic


You had 8 spell levels left.
You knew the following spells:

 Your Spells              Type           Power        Failure   Level  Hunger
a - Flame Tongue          Conj/Fire      ####.        1%          1    None
b - Conjure Flame         Conj/Fire      ####....     2%          3    ##.....
c - Sticky Flame          Conj/Fire      ####....     9%          4    ####...


Dungeon Overview and Level Annotations

Branches:
Dungeon (7/15)
 Temple: D:4-7

Altars:

Annotations:
D:2 Sigmund
D:6 Grinder


Message History

Aim: a centaur skeleton (chance to defeat MR: 59%)
The centaur skeleton resists with significant effort.
The centaur skeleton barely misses you.
Unknown command.
Evoke which item? (* to show all) (? for menu, Esc to quit)
Aiming: Paralyse
Press: ? - help, Shift-Dir - straight line, f/p - centaur skeleton
Aim: a centaur skeleton (chance to defeat MR: 59%)
The centaur skeleton resists with significant effort.
The centaur skeleton hits you but does no damage.
Unknown command.
Evoke which item? (* to show all) (? for menu, Esc to quit)
Aiming: Paralyse
Press: ? - help, Shift-Dir - straight line, f/p - centaur skeleton
Aim: a centaur skeleton (chance to defeat MR: 59%)
The centaur skeleton resists with significant effort.
The centaur skeleton hits you.
* * * LOW HITPOINT WARNING * * *
The centaur skeleton hits you.
You die...

###(..#.##.....##....######....
#.....#.##.######....##........
###.##.................##.###....
.............#####.....##.# #....
....##.......#####.....##.#...#..
.... #.......#............#.###.#
.... #.......#.####...#####.###†#
.... #.......#.#..........#......
.... #.......#.#@#........#..#...
.... #########..Z#########...#.#.
.... #.....†# ###.#.#† #?.....#
## #<#† #......# ...####
#.....5'a.# .. # #......#...#
#.## #......#...... #... #......#
..... ####


You could see Grinder and a centaur skeleton.

Vanquished Creatures
  Menkaure (D:5)
  A black bear (D:6)
  An ogre (D:7)
  2 bullfrogs
  A scorpion (D:7)
  A centaur skeleton (D:6)
  2 worker ants
  An adder (D:4)
  A dart slug (D:1)
  4 leopard geckos (D:6)
  2 orcs (D:4)
  2 goblins (D:1)
  A hobgoblin (D:1)
  6 jackals (D:6)
  2 kobolds
  A ball python (D:6)
  A bat (D:1)
  2 frilled lizards
  A leopard gecko zombie (D:6)
  2 rats
35 creatures vanquished.

Notes
Turn   | Place    | Note
-------+----------+-------------------------------------------
     0 | D:1      | 4thArraOfDagon the Deep Elf Fire Elementalist began the quest for the Orb.
     0 | D:1      | Reached XP level 1. HP: 10/10 MP: 6/6
   113 | D:1      | Reached XP level 2. HP: 15/15 MP: 4/8
   144 | D:2      | Noticed Sigmund
   337 | D:5      | Entered Level 5 of the Dungeon
   356 | D:5      | Reached skill level 4 in Fire Magic
   356 | D:5      | Reached XP level 3. HP: 19/19 MP: 6/10
   361 | D:5      | Learned a level 3 spell: Conjure Flame
   388 | D:5      | Noticed Menkaure
   460 | D:6      | Noticed a bullfrog
   470 | D:6      | Killed a bullfrog
   470 | D:6      | Reached XP level 4. HP: 6/24 MP: 6/12
   484 | D:6      | Learned a level 4 spell: Sticky Flame
   493 | D:6      | Noticed a centaur
   574 | D:7      | Noticed a water moccasin
   575 | D:7      | Noticed an ogre
   590 | D:7      | Killed an ogre
   590 | D:7      | Reached skill level 5 in Fire Magic
   590 | D:7      | Reached XP level 5. HP: 18/28 MP: 3/13
   671 | D:7      | Reached XP level 6. HP: 15/32 MP: 1/15
   843 | D:5      | Killed Menkaure
   843 | D:5      | Reached skill level 5 in Spellcasting
   861 | D:6      | Reached skill level 5 in Conjurations
   910 | D:6      | Reached skill level 6 in Fire Magic
   910 | D:6      | Reached XP level 7. HP: 5/36 MP: 5/16
   923 | D:6      | Noticed Grinder
   938 | D:6      | Slain by a centaur skeleton

Vault maps used:
D:1:      dpeg_arrival_rhombus
D:2:      kb_forest_paths, uniq_sigmund, uniq_jessica, uniq_terence
D:3:      first_bread, grunt_ministairs_4
D:4:      minmay_temple_entry_glassed_door
D:5:      uniq_menkaure, uniq_edmund
D:6:      gup_sewer_entry_spiral, minivault_26, kennysheep_generic_room_8,
          uniq_grinder
D:7:      grunt_livestock, nicolae_ru_awakened_eye

Skill      XL: |  1  2  3  4  5  6 |
---------------+-------------------+-----
Conjurations   | 2 3 4 5 |  5.3
Fire Magic     | 4 5 6 |  6.2
Spellcasting   | 4 5 |  5.3
Dodging        | |  2.4
Stealth        | |  2.4

Action                   |  1- 3 |  4- 6 |  7- 9 || total
-------------------------+-------+-------+-------++-------
Melee: Unarmed           |     5 |       |       ||     5
       Hand axe          |       |       |     2 ||     2
 Cast: Flame Tongue      |    31 |    35 |     1 ||    67
       Conjure Flame     |       |     2 |       ||     2
       Sticky Flame      |       |     3 |     2 ||     5
Evoke: Wand              |       |     2 |     3 ||     5
  Use: Scroll            |     3 |     2 |       ||     5
       Potion            |     1 |       |     1 ||     2
Armor: Robe              |     5 |     2 |     1 ||     8
       Skin              |     2 |       |       ||     2
Dodge: Dodged            |    14 |     5 |     3 ||    22

Table legend:
 A = Spawn XP
 B = Non-spawn XP
 C = Spawn XP percentage of total XP
 D = Spawn monster count
 E = Non-spawn monster count
 F = Spawn count percentage of total count
 G = Total turns spent on level
                    A         B        C        D         E        F      G
               +---------+---------+-------+---------+---------+-------+---------
         Total |       0 |     834 |   0.0 |       0 |      35 |   0.0 |   938
               +---------+---------+-------+---------+---------+-------+---------
           D:1 |       0 |      15 |   0.0 |       0 |       8 |   0.0 |   130
           D:2 |       0 |       4 |   0.0 |       0 |       3 |   0.0 |   118
           D:4 |       0 |      19 |   0.0 |       0 |       3 |   0.0 |    86
           D:5 |       0 |     200 |   0.0 |       0 |       2 |   0.0 |   180
           D:6 |       0 |     323 |   0.0 |       0 |      16 |   0.0 |   279
           D:7 |       0 |     273 |   0.0 |       0 |       3 |   0.0 |   138
               +---------+---------+-------+---------+---------+-------+---------
